 Dungeon Crawl Stone Soup version 0.26-a0-257-g47e9e61525 (webtiles) character file.

Game seed: 15393853214793614851

18 BritishOli the Skirmisher (level 2, 22/24 HPs)
             Began as a Demonspawn Fighter on July 10, 2020.
             Quit the game on level 2 of the Dungeon.
             The game lasted 00:00:39 (458 turns).

BritishOli the Skirmisher (Demonspawn Fighter)       Turns: 458, Time: 00:00:40

Health: 22/24      AC:  6    Str: 16    XL:     2   Next: 51%
Magic:  2/2        EV:  6    Int:  9    God:
Gold:   14         SH:  8    Dex: 12    Spells: 1/1 levels left

rFire    . . .     SeeInvis .   a - +0 long sword
rCold    . . .     Faith    .   c - +0 kite shield
rNeg     . . .     Spirit   .   b - +0 scale mail
rPois    .         Reflect  .   (no helmet)
rElec    .         Harm     .   (no cloak)
rCorr    .                      (no gloves)
MR       .....                  (no boots)
Stlth    ..........             h - amulet of inaccuracy (curse)
HPRegen  0.08/turn              (no ring)
MPRegen  0.08/turn              (no ring)

@: no status effects
A: sanguine armour 1
a: no special abilities


You were on level 2 of the Dungeon.
You were not hungry.

You visited 1 branch of the dungeon, and saw 2 of its levels.

You collected 14 gold pieces.

Inventory:

Hand Weapons
 a - a +0 long sword (weapon)
Armour
 b - a +0 scale mail (worn)
 c - a +0 kite shield (worn)
Jewellery
 h - a cursed amulet of inaccuracy (around neck)
 i - an uncursed amulet of magic regeneration
Scrolls
 g - a scroll of remove curse {unknown}
Potions
 d - a potion of might
 e - a potion of brilliance {unknown}
Comestibles
 f - 2 rations


   Skills:
 + Level 3.2 Fighting
 + Level 2.1 Long Blades
 + Level 2.9 Armour
 + Level 2.9 Shields


You had one spell level left.
You didn't know any spells.
Your spell library was empty.

Dungeon Overview and Level Annotations

Branches:
Dungeon (2/15)

Altars:


Innate Abilities, Weirdness & Mutations

When seriously injured, your bleeding wounds create armour. (AC +0)


Message History

The bat hits you.
A bat is nearby!
The bat hits you but does no damage.
A bat is nearby!
A bat is nearby!
You miss the bat. The bat hits you but does no damage.
A bat is nearby!
The bat hits you but does no damage. You block the bat's attack.
A bat is nearby!
A bat is nearby!
Your shield and scale mail prevent you from hitting the bat.
The bat closely misses you. The bat completely misses you.
You miss the bat. You block the bat's attack.
The bat hits you but does no damage. x2
A bat is nearby!
You closely miss the bat. The bat hits you but does no damage.
The bat hits you.
A bat is nearby!
Unknown command.
Are you sure you want to abandon this character and quit the game? (Confirm with "yes".)

##.###.## #..##
##.#..#######..#
##.#..........#
#.##########+#
#.# #.####
#....#
###....###
...........@b+
###........###
#.####...# #
.(...# #.###.##
# #[# ..# ##


You could see a bat.

Vanquished Creatures
  A dart slug (D:1)
  2 giant cockroaches (D:1)
  4 goblins (D:1)
  4 hobgoblins (D:1)
  A kobold (D:2)
  A ball python (D:1)
  A bat (D:1)
  A rat (D:1)
15 creatures vanquished.

Notes
Turn   | Place    | Note
-------+----------+-------------------------------------------
     0 | D:1      | BritishOli the Demonspawn Fighter began the quest for the
                  | Orb.
     0 | D:1      | Reached XP level 1. HP: 18/18 MP: 1/1
    61 | D:1      | Gained mutation: When seriously injured, your bleeding
                  | wounds create armour. (AC +0) [demonic ancestry]
    61 | D:1      | Reached XP level 2. HP: 15/24 MP: 2/2
   371 | D:1      | You fall into a shaft and drop 1 floor!
   458 | D:2      | Quit the game

Illustrated notes

Levels and vault maps discovered:
D:1:      minmay_arrival_up_and_down, layout_rooms
D:2:      layout_loops_corners, lemuel_zombie_altar_yredelemnul, serial_undead,
          serial_undead_c, serial_undead_e, serial_undead_d, serial_undead_f,
          uniq_sigmund

Skill      XL: |  1 |
---------------+----+-----
Long Blades    | 2 |  2.1
Fighting       | |  3.2
Armour         | |  2.9
Shields        | |  2.9

Action                   || total
-------------------------++-------
Melee: Long sword        ||    87
  Use: Scroll            ||     2
Armor: Scale mail        ||    71
Dodge: Dodged            ||    38
Block: Kite shield       ||    56
       Rpst.: Long sword ||    12

Table legend:
 A = Non-vault XP
 B = Vault XP
 C = Vault XP percentage of total XP
 D = Non-vault monster count
 E = Vault monster count
 F = Vault count percentage of total count
                 A         B        C        D         E       F
            +---------+---------+-------+---------+---------+-------
      Total |      27 |       0 |   0.0 |      15 |       0 |   0.0
            +---------+---------+-------+---------+---------+-------
        D:1 |      25 |       0 |   0.0 |      14 |       0 |   0.0
        D:2 |       2 |       0 |   0.0 |       1 |       0 |   0.0
            +---------+---------+-------+---------+---------+-------
